Map: Berlingrad LE

Players

CBagRun

  • Race: Zerg Zerg

HORSES - Winner!

  • Race: Zerg Zerg

VOD

Have the link to the VOD?

Description

Time

  • Played on: Dec. 12, 2021, 8:26 a.m.
  • Length: 9:34
Show
View Real Time Build Order
Export as new Build Order

CBagRun Zerg 

Build Orders: Pool Only 

Get SALT Encoding   

  12  0:03  Drone  
  13  0:08  Drone  
  14  0:19  Overlord  
  14  0:38  Spawning Pool  
  13  0:50  Drone x3  
  13  0:56  Extractor  
  15  1:21  Drone  
  15  1:22  Drone  
  15  1:25  Queen  
  19  1:47  Zergling x6  
  22  1:58  Metabolic Boost  
  22  2:15  Overlord  
  22  2:32  Queen  
  24  2:39  Drone x2  
  24  2:40  Drone x2  
  24  2:41  Drone  
  24  2:43  Zergling x2  
  30  3:41  Overlord  
  30  3:43  Overlord  
  30  3:44  Overlord  
  29  4:08  Zergling x6  
  29  4:09  Zergling x4  
  34  4:23  Lair  
  34  4:39  Extractor  
  34  4:44  Roach Warren  
  32  4:48  Zergling x4  
  32  4:49  Zergling x2  
  35  5:14  Drone x2  
  37  5:30  Roach  
  39  5:38  Glial Reconstitution  
  39  5:44  Roach x2  
  39  5:45  Roach x2  
  47  6:05  Roach x2  
  51  6:12  Drone  
  52  6:46  Hydralisk Den  
  51  6:48  Drone x2  
  51  6:49  Drone  
  54  7:02  Overlord  
  54  7:19  Muscular Augments  
  54  7:24  Hydralisk  
  54  7:25  Hydralisk  
  58  7:53  Hydralisk x2  
  62  7:59  Overlord  
  61  8:30  Hydralisk x3  
Show
View Real Time Build Order
Export as new Build Order

HORSES Zerg - Winner!

Build Orders: Pool First 

Get SALT Encoding   

  12  0:08  Overlord  
  12  0:25  Drone  
  12  0:26  Drone  
  14  0:37  Spawning Pool  
  14  0:38  Drone  
  14  0:44  Drone  
  15  1:03  Drone x2  
  17  1:17  Hatchery  
  16  1:21  Drone  
  16  1:24  Extractor  
  16  1:29  Queen  
  18  1:34  Zergling x2  
  19  1:51  Zergling x4  
  21  2:00  Overlord  
  21  2:04  Overlord  
  21  2:14  Overlord  
  21  2:17  Queen  
  23  2:36  Zergling x4  
  25  2:48  Drone x2  
  27  2:52  Zergling x2  
  27  2:53  Queen  
  30  3:01  Drone  
  30  3:02  Drone x2  
  33  3:09  Drone  
  34  3:12  Extractor  
  34  3:14  Drone  
  34  3:15  Drone  
  35  3:23  Queen  
  37  3:36  Drone x3  
  40  3:45  Zergling x6  
  43  3:49  Drone x3  
  43  3:52  Drone  
  43  3:53  Drone  
  48  4:07  Lair  
  48  4:11  Zergling x6  
  48  4:12  Zergling x2  
  52  4:26  Overlord x2  
  52  4:27  Overlord x3  
  52  4:36  Overlord x2  
  52  5:05  Zergling x10  
  57  5:09  Drone x2  
  57  5:12  Zergling x6  
  57  5:13  Zergling x4  
  64  5:19  Metabolic Boost  
  64  5:28  Evolution Chamber  
  64  5:32  Roach Warren  
  64  5:33  Drone  
  63  5:35  Drone  
  63  5:38  Drone  
  63  5:39  Drone x2  
  67  6:11  Drone  
  67  6:12  Drone x2  
  67  6:15  Extractor  
  69  6:19  Extractor  
  69  6:21  Roach x2  
  69  6:22  Roach  
  74  6:28  Evolution Chamber  
  74  6:30  Zerg Melee Weapons Level 1, Glial Reconstitution  
  73  6:35  Drone  
  73  6:36  Drone x4  
  78  7:00  Drone x2  
  80  7:02  Roach x4  
  80  7:05  Roach x3  
  94  7:08  Zerg Ground Armor Level 1  
  96  7:23  Roach x4  
  102  7:32  Zergling x6  
  105  8:28  Zergling x6  
  105  8:32  Overlord x3  
Tags
 
Matchup
ZvZ
Race
Zerg
Replay Pack
re
Add a new tag
Caveats
  • Supply blocks, unpowered buildings, or Contaminate may cause inaccurate times.
  • Supply counts are checked every 10 seconds.